 Dungeon Crawl Stone Soup version 0.17-a0-1719-g1afd5a1 (webtiles) character file.

627424 Yoba the Sorcerer (level 27, -3/166 HPs)
             Began as a Deep Elf Fire Elementalist on Aug 27, 2015.
             Was the Champion of Vehumet.
             Killed from afar by a hellion (32 damage)
             ... with a burst of hellfire
             ... on level 11 of a ziggurat on Aug 28, 2015.
             The game lasted 07:16:43 (86623 turns).

Yoba the Sorcerer (Deep Elf Fire Elementalist)     Turns: 86623, Time: 07:16:43

Health: -3/166     AC: 17    Str: 14    XL:     27
Magic:  37/56      EV: 25    Int: 42    God:    Vehumet [******]
Gold:   8088       SH: 11    Dex: 15    Spells: 9 memorised, 7 levels left

rFire  + + +     SeeInvis +     S - staff of fire
rCold  . . .     Clarity  .     o - +2 robe "Dona" {rElec rF+ Int+7}
rNeg   . . .     SustAt   .     y - +3 buckler {AC+3}
rPois  .         Gourm    .     x - +2 hat {Int+3}
rElec  +         Spirit   .     a - +3 cloak of Beauty {MR++}
rCorr  .         Warding  .     j - +1 pair of gloves {Str+3}
rMut   .         Stasis   .     s - +1 pair of boots "Lees" {Str+4}
MR     +++++                    P - amulet "Eloytich" {Faith rF+ rC+}
Stlth  ++........               H - ring of Juatwuojedd {Fire +Inv MR+}
                                q - ring of see invisible

@: very slightly contaminated, deflect missiles, almost entirely resistant to
hostile enchantments, unstealthy
A: fangs 1, dopey 1, high mp 1, magic resistance 1, sense surroundings 1,
regeneration 1, screaming 1, strong 1
a: Renounce Religion, Evoke Invisibility
}: 3/15 runes: barnacled, silver, gossamer


You were on level 11 of a ziggurat.
You worshipped Vehumet.
Vehumet was exalted by your worship.
You were not hungry.

You visited 10 branches of the dungeon, and saw 52 of its levels.
You visited 1 ziggurat, and saw 11 of its levels.
You also visited: Trove, Ossuary and Volcano.

You collected 10807 gold pieces.
You spent 2651 gold pieces at shops.

Inventory:

Armour
 a - the +3 cloak of Beauty (worn) {MR++}
   (You found it on level 10 of a ziggurat)

   It affects your resistance to hostile enchantments.
 j - a +1 pair of gloves of strength (worn)
 o - the +2 robe "Dona" (worn) {rElec rF+ Int+7}
   (You bought it in a shop on level 1 of the Orcish Mines)

   It affects your intelligence (+7).
   It protects you from fire.
   It insulates you from electricity.
 s - the +1 pair of boots "Lees" (worn) {Str+4}
   (You found it in a treasure trove)

   It affects your strength (+4).
 x - a +2 hat of intelligence (worn)
 y - a +3 buckler of protection (worn)
 R - a +2 cloak of poison resistance
Magical staves
 h - an uncursed staff of air
 S - an uncursed staff of fire (weapon)
 V - an uncursed staff of cold
Jewellery
 f - an uncursed ring of positive energy
 q - a ring of see invisible (left hand)
 r - an uncursed ring of protection from cold
 F - an uncursed amulet of regeneration
 H - the ring of Juatwuojedd (right hand) {Fire +Inv MR+}
   (You bought it in a shop on level 2 of the Shoals)

   [ring of fire]

   It enhances your fire magic, and weakens your ice magic.
   It protects you from fire.
   It makes you vulnerable to cold.
   It affects your resistance to hostile enchantments.
   It lets you turn invisible.
 J - an uncursed amulet of resist mutation
 P - the amulet "Eloytich" (around neck) {Faith rF+ rC+}
   (You took it off a deep elf annihilator on level 3 of the Elven Halls)

   [amulet of faith]

   It allows you to gain divine favour quickly.
   It protects you from fire.
   It protects you from cold.
Magical devices
 u - a wand of hasting (2)
 N - a wand of teleportation (2)
 X - a wand of digging (10)
Scrolls
 k - 6 scrolls of vulnerability
 n - 6 scrolls of blinking
 p - 12 scrolls of teleportation
 w - 5 scrolls of summoning
 z - 6 scrolls of fear
 B - 4 scrolls of recharging
 C - a scroll of enchant armour
 E - 11 scrolls of amnesia
 G - 25 scrolls of remove curse
 K - 2 scrolls of holy word
 L - a scroll of torment
 M - 11 scrolls of magic mapping
 Q - 6 scrolls of identify
 T - 6 scrolls of fog
Potions
 b - a potion of invisibility
 e - 2 potions of resistance
 g - 10 potions of haste
 i - 6 potions of heal wounds
 m - 9 potions of agility
 t - 11 potions of lignification
 v - 4 potions of cancellation
 D - a potion of magic
 I - 21 potions of curing
 O - 14 potions of brilliance
 U - 2 potions of experience {unknown}
 W - 7 potions of might
 Y - 5 potions of flight
Books
 Z - Qiri's Last Secrets of Hermeneutics
   (You found it on level 3 of the Elven Halls)

   Spells                             Type                      Level
   a - Delayed Fireball               Conjuration/Fire             7
   b - Orb of Destruction             Conjuration                  7
   c - Spellforged Servitor           Conjuration/Summoning        7
   d - Dragon Form                    Transmutation                7
Comestibles
 c - 16 bread rations
 d - 23 fruits
 l - 6 beef jerkies
 A - 20 meat rations


   Skills:
 + Level 15.3 Fighting
 - Level 19.5 Dodging
 - Level 2.4 Stealth
 - Level 14.0 Shields
 + Level 22.5 Spellcasting
 - Level 21.5 Conjurations
 - Level 21.3 Fire Magic
 * Level 13.1 Ice Magic
 - Level 19.1 Air Magic


You had 7 spell levels left.
You knew the following spells:

 Your Spells              Type           Power        Failure   Level  Hunger
a - Bolt of Fire          Conj/Fire      #########.   0%          6    None
b - Fire Storm            Conj/Fire      #########.   2%          9    ##.....
d - Orb of Destruction    Conj           ########..   1%          7    None
e - Glaciate              Conj/Ice       #####.....   9%          9    ##.....
f - Tornado               Air            ########..   4%          9    ##.....
g - Deflect Missiles      Chrm/Air       #######...   1%          6    None
h - Spellforged Servitor  Conj/Summ      #######...   1%          7    None
i - Chain Lightning       Conj/Air       ########..   1%          8    None
j - Regeneration          Chrm/Necr      #####.....   1%          3    None


Dungeon Overview and Level Annotations

Branches:
Dungeon (15/15)            Temple (1/1) D:4            Lair (8/8) D:9
 Shoals (4/4) Lair:4       Spider (4/4) Lair:4        Slime (0/6) Lair:8
    Orc (4/4) D:12            Elf (3/3) Orc:3        Vaults (5/5) D:14
  Crypt (3/3) Vaults:2       Tomb (0/3) Crypt:3      Depths (5/5) D:15
    Zot (0/5) Depths:5

Altars:
Ashenzari
Cheibriados
Dithmenos
Elyvilon
Fedhas
Kikubaaqudgha
Makhleb
Nemelex Xobeh
Okawaru
Qazlal
Sif Muna
Trog
Vehumet
Xom
Zin
The Shining One
Beogh
Lugonu

Shops:
Orc:1 =}[   Orc:2 =   Orc:4 ?(:(   Elf:2 (   Shoals:2 =}   Depths:3 *!=!*

Portals:
Hell: Depths:1 Depths:2 Depths:3 Depths:4 Depths:5
Abyss: Depths:1 Depths:4
Pandemonium: Depths:1 Depths:3 Depths:4


Innate Abilities, Weirdness & Mutations

You have very sharp teeth.
You are dopey. (Int -2)
You have an increased reservoir of magic (+10% MP).
You are resistant to hostile enchantments.
You passively map a small area around you.
Your natural rate of healing is unusually fast.
You occasionally shout uncontrollably at your foes.
Your muscles are strong. (Str +2)


Message History

You feel a strong surge of power!
A raging storm of fire appears!
The great blast of fire engulfs the rust devil.
The rust devil partially resists.
You kill the rust devil!
The great blast of fire engulfs the Hell Sentinel.
The Hell Sentinel partially resists.
You kill the Hell Sentinel!
Vehumet accepts your kill.
You feel your power returning.
The great blast of fire engulfs the Hell Sentinel.
The Hell Sentinel partially resists.
The Hell Sentinel is severely wounded.
The great blast of fire engulfs Losoc.
Losoc partially resists.
Losoc is severely wounded.
You are engulfed in roaring flames.
You resist.
* * * LOW HITPOINT WARNING * * *
The winds around you calm down. The hellion gestures at you.
The hellfire explodes!
The burst of hellfire engulfs you!
You die...

▓▓▓▓▓▓▓▓▓▓▓
▓.........▓
▓.........▓
▓.....2...▓
▓▓▓▓▓▓▓..4......▓
*
▓.....v§§§.......
▓..v..§§§@§§.. ,
* ▓..v§§§§.§§§#
,, *
▓v.§v§§§.##§#
▓§.§vvvv.§§§ ,
▓§.1§§§&.§#.#*
▓§.§§v§v.§# .,,
▓§§)......§§,, ,
▓§........§§
▓▓▓▓▓▓▓...§


You could see Losoc, a Hell Sentinel, a hellwing and a hellion.

Vanquished Creatures
  Khufu (Crypt:2)
  Mara (Depths:3)
  2 ancient liches (Crypt:3)
  A greater mummy (Crypt:2)
  Boris (Vaults:4)
  Frederick (Vaults:5)
  Norris (Vaults:3)
  Saint Roka (Depths:4)
  6 caustic shrikes
  5 golden dragons
  The ghost of Grim the Shatterer, a mighty OgBe of Trog (Depths:4)
  Nikola (Shoals:1)
  The ghost of Thronen the Warrior, a mighty FoFi of Cheibriados (Depths:1)
  Arachne (Spider:4)
  A bone dragon (Depths:5)
  The ghost of Illiel the Crack Shot, a mighty HEHu of Okawaru (Vaults:4)
  A hellephant (Zig:8)
  Rupert (D:15)
  7 tentacled monstrosities
  8 liches
  A Hell Sentinel (Zig:11)
  8 titans
  Asterion (Vaults:2)
  3 deep elf blademasters
  2 quicksilver dragons
  A deep elf master archer (Elf:2)
  An Executioner (Zig:11)
  5 acid blobs
  6 sphinxes
  4 ancient champions
  2 Shadow Fiends (Zig:11)
  Polyphemus (Shoals:3)
  Agnes (D:14)
  Frances (D:14)
  Kirke (Lair:5)
  5 tengu reavers
  4 storm dragons
  2 shadow dragons
  7 ghost moths
  Ilsuiw (Shoals:3)
  Wiglaf (Spider:4)
  2 revenants
  An azure jelly (Zig:3)
  Maud (Lair:5)
  18 deep elf sorcerers
  2 iron dragons
  26 vault wardens
  8 frost giants
  Aizul (Spider:1)
  4 fire giants
  A draconian zealot (Depths:5)
  2 curse skulls
  An orc warlord (Orc:4)
  9 emperor scorpions
  A balrug (Depths:4)
  2 spriggan defenders (Depths:3)
  3 reapers (Zig:11)
  14 ghouls
  A caustic shrike skeleton (Crypt:2)
  6 war gargoyles
  20 stone giants
  12 ironheart preservers
  14 very ugly things
  A green draconian (Depths:5)
  5 vampire knights
  11 deep elf demonologists
  A dire elephant (Zig:8)
  A purple draconian (Depths:5)
  Azrael (Elf:2)
  2 salamander stormcallers (Vaults:4)
  2 mottled draconians (Depths:5)
  2 black draconians (Depths:5)
  4 eidola
  12 deep elf annihilators
  16 ettins
  A death ooze (Zig:10)
  Snorg (Lair:5)
  7 merfolk javelineers
  9 deep elf death magi
  A blizzard demon (Zig:11)
  A green death (Zig:11)
  10 merfolk impalers
  4 jiangshi
  10 great orbs of eyes
  Josephine (D:14)
  34 vault guards
  14 fire dragons
  16 yaktaur captains
  5 ice dragons
  15 entropy weavers
  9 deep elf high priests
  7 centaur warriors
  Erolcha (D:13)
  A naga warrior (Zig:7)
  2 hell beasts
  3 rakshasas
  2 merfolk avatars
  3 catoblepae
  12 hydras
  6 spriggan air magi
  A ghost crab (shapeshifter) (Vaults:1)
  2 death knights (Vaults:2)
  7 merfolk aquamancers
  14 dancing weapons (Elf:2)
  An anaconda (shapeshifter) (Vaults:4)
  14 deep troll earth magi
  3 alligator snapping turtles
  7 death yaks
  An alligator (shapeshifter) (Vaults:1)
  5 satyrs
  13 ogre magi
  11 deep troll shamans
  5 tengu warriors
  A shock serpent (Zig:7)
  6 orc high priests (Orc:4)
  A naga sharpshooter (Zig:7)
  A queen ant (shapeshifter) (Vaults:5)
  A soul eater (Crypt:2)
  A titan zombie (Crypt:3)
  Urug (Lair:3)
  10 vampire magi
  6 spriggan berserkers
  A titan skeleton (Crypt:3)
  Sonja (Orc:4)
  29 deep elf knights
  3 fire crabs
  The ghost of Gargoyl the Ducker, an experienced DsAK of Lugonu (D:7)
  6 unseen horrors
  6 skeletal warriors (Crypt:3)
  A fire crab (shapeshifter) (Vaults:2)
  11 flayed ghosts
  A deep troll (shapeshifter) (Vaults:5)
  10 iron trolls
  10 sea snakes
  5 shadow wraiths
  A naga ritualist (Zig:7)
  12 deep elf summoners
  A storm dragon skeleton (Crypt:3)
  22 hell knights
  5 giant orange brains
  20 ironbrand convokers
  6 wizards
  23 harpies
  11 hill giants
  44 deep trolls
  A wolf spider zombie (D:15)
  2 anaconda skeletons
  A lindwurm (shapeshifter) (Depths:3)
  2 mana vipers (shapeshifter)
  17 orc knights
  7 phantasmal warriors
  24 deep elf conjurers
  17 orb spiders
  A wolf spider (shapeshifter) (Vaults:5)
  31 wolf spiders
  18 griffons
  A shining eye (shapeshifter) (Vaults:3)
  A hornet (shapeshifter) (Vaults:5)
  2 salamanders
  12 necromancers
  3 water nymphs (Shoals:4)
  2 orb spiders (shapeshifter)
  2 shining eyes
  2 moths of wrath (shapeshifter)
  15 hornets
  A faun (shapeshifter) (Depths:3)
  4 frost giant zombies
  4 oklob plants (Depths:4)
  A mana viper (Zig:7)
  2 fire giant zombies
  3 moths of wrath
  A salamander (shapeshifter) (Vaults:4)
  11 orc sorcerers
  2 guardian serpents (shapeshifter)
  10 cyclopes
  A manticore (shapeshifter) (Zig:4)
  66 ugly things
  10 sirens
  An elephant (Zig:8)
  7 manticores
  The ghost of Eptagon the Martial Artist, an experienced OpTm of Cheibriados (D:6)
  A fire giant skeleton (Crypt:3)
  An octopode (shapeshifter) (Elf:3)
  4 guardian serpents (Zig:7)
  A sixfirhy (Depths:4)
  2 stone giant skeletons
  7 fauns
  5 gargoyles
  17 vault sentinels
  3 torpor snails
  A black mamba (shapeshifter) (Vaults:3)
  5 smoke demons (Crypt:3)
  8 black mambas
  An orange crystal statue (Zig:1)
  An eye of devastation (Zig:9)
  4 apocalypse crabs (Zig:4)
  A dire elephant skeleton (Crypt:1)
  An efreet (Volcano)
  An orange demon (Zig:11)
  74 yaktaurs
  A spriggan zombie (Depths:1)
  4 fire drakes
  5 tengu conjurers
  14 demonic crawlers
  A spiny frog (shapeshifter) (Depths:1)
  18 spiny frogs
  8 freezing wraiths
  A red draconian skeleton (Crypt:1)
  2 guardian mummies (Vaults:1)
  5 red devils
  18 two-headed ogres
  2 spriggan druids (Lair:8)
  A catoblepas skeleton (Crypt:2)
  10 komodo dragons
  A tengu simulacrum (Vaults:3)
  A death yak skeleton (Crypt:1)
  37 merfolk
  2 hydra zombies
  2 queen bees (shapeshifter)
  18 deep elf priests
  2 wind drakes
  A jumping spider (shapeshifter) (Vaults:3)
  5 kobold demonologists (Vaults:1)
  A polar bear (shapeshifter) (Vaults:1)
  19 trolls
  2 blue devils (Depths:4)
  33 jumping spiders
  4 polar bears
  2 wind drakes (shapeshifter)
  A giant leech (shapeshifter) (Vaults:5)
  A bog body (Crypt:1)
  4 boulder beetles
  An ettin zombie (Crypt:3)
  A fire dragon zombie (Crypt:1)
  A shadow dragon simulacrum (Vaults:3)
  A blink frog (shapeshifter) (D:14)
  A human simulacrum (Vaults:2)
  2 two-headed ogres (shapeshifter)
  37 slime creatures
  24 blink frogs
  11 snapping turtles
  The ghost of Yoba the Charmwright, an average HESk (D:5)
  A hydra skeleton (Crypt:3)
  An alligator zombie (Crypt:3)
  4 shadows
  10 wraiths
  9 air elementals
  A yak (shapeshifter) (Vaults:4)
  21 trapdoor spiders
  15 spriggans
  68 redbacks
  2 tarantellas (shapeshifter)
  4 wyverns
  6 vampires
  A hog (shapeshifter) (Vaults:4)
  A spriggan (shapeshifter) (Depths:2)
  17 water elementals
  2 golden eyes (Zig:9)
  8 hungry ghosts
  4 fire elementals
  29 tarantellas
  4 fire bats (D:11)
  A giant leech zombie (Crypt:1)
  11 hippogriffs
  A steam dragon (Zig:1)
  48 deep elf fighters
  19 yaks
  2 hogs (Lair:5)
  44 deep elf magi
  3 nagas (Zig:7)
  A soldier ant (D:15)
  A hippogriff (shapeshifter) (Elf:3)
  2 basilisks
  19 vampire mosquitoes
  Edmund (D:6)
  A tengu zombie (Depths:1)
  16 wargs
  3 mottled dragons
  21 wolves
  10 porcupines
  15 wasps
  14 water moccasins
  An eye of draining (Zig:9)
  2 phantoms
  A spriggan simulacrum (Depths:1)
  5 black bears (Lair:8)
  12 ice beasts
  10 necrophages
  A snapping turtle zombie (Crypt:2)
  A boggart (shapeshifter) (Depths:3)
  27 spiders
  An elephant zombie (Lair:3)
  5 hell hounds
  A ghost crab zombie (Crypt:1)
  4 sky beasts
  87 orc warriors
  A snapping turtle skeleton (Crypt:1)
  A tengu (shapeshifter) (Depths:2)
  A crocodile (shapeshifter) (Depths:1)
  18 boggarts
  A hog zombie (Crypt:2)
  66 ogres
  29 centaurs
  18 crocodiles
  4 big kobolds
  A big kobold (shapeshifter) (D:15)
  3 brain worms
  27 giant frogs
  A giant frog (shapeshifter) (Depths:3)
  A water moccasin zombie (D:9)
  4 scorpions
  A wyvern skeleton (D:12)
  12 wights
  12 electric eels
  3 killer bees
  A hippogriff skeleton (Crypt:2)
  A spriggan skeleton (Crypt:1)
  A giant frog zombie (D:12)
  17 jellies
  A basilisk zombie (Lair:3)
  5 centaur zombies
  39 orc wizards
  9 crimson imps
  A black bear skeleton (Crypt:2)
  5 centaur skeletons
  A human zombie (Ossuary)
  5 giant frog skeletons
  2 gnoll shamans
  51 orc priests
  7 hounds
  8 worker ants
  10 iguanas
  52 sheep
  2 big kobold zombies (Ossuary)
  A hound skeleton (D:4)
  3 mummies
  A worker ant zombie (D:5)
  17 gnolls
  18 adders
  87 river rats
  4 shadow imps
  An adder skeleton (D:9)
  3 worms
  8 giant geckos
  356 orcs
  6 giant cockroaches
  6 gnoll zombies (Ossuary)
  8 goblins
  11 hobgoblins
  2 jackals (D:7)
  17 kobolds
  7 quokkas
  3 ball pythons
  14 bats
  4 giant newts
  A goblin zombie (Ossuary)
  3 hobgoblin zombies (Ossuary)
  3 jackal skeletons
  An orc skeleton (Crypt:2)
  An orc zombie (Ossuary)
  11 rats
  A fire vortex (Vaults:5)
  18 fungi
  3 lost souls
  21 plants
3216 creatures vanquished.

Vanquished Creatures (collateral kills)
  A tentacled monstrosity (Depths:4)
  A greater naga (Zig:7)
  An azure jelly (Zig:9)
  A draconian shifter (Depths:5)
  3 ghouls (Crypt:2)
  An ironheart preserver (Vaults:5)
  A stone giant (Vaults:5)
  A dire elephant (Zig:8)
  A deep elf death mage (Crypt:2)
  An eidolon (Crypt:2)
  A vault guard (Vaults:5)
  A death ooze (Zig:9)
  A yaktaur captain (Vaults:5)
  A hell beast (Zig:11)
  A hell knight (Crypt:3)
  A storm dragon skeleton (Crypt:2)
  A golden dragon zombie (Crypt:2)
  A shining eye (Zig:10)
  An ugly thing (Vaults:3)
  A fire giant skeleton (Crypt:3)
  An alligator snapping turtle zombie (Crypt:2)
  An orange demon (Depths:4)
  A titan simulacrum (Crypt:2)
  A gargoyle (Crypt:3)
  A dire elephant skeleton (Crypt:2)
  A smoke demon (Crypt:3)
  2 yaktaurs
  A bog body (Crypt:2)
  A fire dragon zombie (Crypt:1)
  2 slime creatures
  A redback (Depths:5)
  A fire dragon skeleton (Crypt:2)
  A deep elf mage (Elf:1)
  A shadow (Crypt:2)
  A black mamba skeleton (Crypt:2)
  2 necrophages (Crypt:2)
  6 jellies
  A mummy (Crypt:2)
  A steam dragon skeleton (Crypt:1)
  An orc (Vaults:3)
  2 fire vortices
52 creatures vanquished.

Vanquished Creatures (others)
  A very ugly thing (Vaults:5)
  A human (Lair:5)
  A blink frog (Lair:5)
  An ogre (Vaults:5)
  A giant frog (Lair:5)
  2 orcs (Orc:4)
  235 fire vortices
  25 fungi
  6 lost souls
  46 plants
319 creatures vanquished.

Grand Total: 3587 creatures vanquished

Notes
Turn   | Place    | Note
--------------------------------------------------------------
     0 | D:1      | Yoba the Deep Elf Fire Elementalist began the quest for the Orb.
     0 | D:1      | Reached XP level 1. HP: 10/10 MP: 6/6
    12 | D:1      | DEFE: во!
    14 | D:1      | DEFE: тут все просто
    30 | D:1      | DEFE: кидаешь все в инт
    38 | D:1      | DEFE: идешь к веху
    38 | D:1      | DEFE: и выигрываешь
    61 | D:1      | DEFE: можешь просто включить файт, додж, спеллкастинг ф-меджик и конжуры
    61 | D:1      | DEFE: от стелса толку нет
    62 | D:1      | DEFE: огнемагия громкая
   283 | D:1      | Reached XP level 2. HP: 12/15 MP: 1/8
   289 | D:1      | DEFE: тру флейм нинужен
   290 | D:1      | DEFE: как и иннер флейм
   338 | D:1      | DEFE: а да. еще бешеный прирост маны
   347 | D:1      | DEFE: у дип эльфов
   595 | D:1      | Reached skill level 1 in Fighting
   810 | D:1      | Reached XP level 3. HP: 20/20 MP: 7/9
  1053 | D:2      | Yoba: плиз
  1053 | D:2      | DEFE: конжур флейм
  1056 | D:2      | DEFE: хули не выучил
  1060 | D:2      | Learned a level 3 spell: Conjure Flame
  1070 | D:2      | DEFE: не попал бы в такую ситуацию
  1316 | D:2      | Reached skill level 4 in Fire Magic
  1626 | D:2      | Reached XP level 4. HP: 25/25 MP: 2/11
  2038 | D:2      | DEFE: стики флейм
  2039 | D:2      | DEFE: выучи
  2045 | D:2      | Learned a level 4 spell: Sticky Flame
  2072 | D:2      | DEFE: мощнейший спелл
  2207 | D:2      | DEFE: правда работает только в упор
  2324 | D:3      | Reached XP level 5. HP: 30/30 MP: 6/12
  3009 | D:4      | Found a staircase to the Ecumenical Temple.
  3022 | Temple   | Entered the Ecumenical Temple
  3078 | Temple   | Became a worshipper of Vehumet
  3145 | D:4      | Noticed an ogre
  3168 | D:4      | Killed an ogre
  3168 | D:4      | Reached XP level 6. HP: 34/36 MP: 5/14
  4069 | D:4      | Reached skill level 5 in Fire Magic
  4190 | D:4      | Noticed an ogre
  4198 | D:4      | Killed an ogre
  4405 | D:5      | Entered Level 5 of the Dungeon
  4602 | D:5      | Noticed Yoba's ghost (average HESk)
  4666 | D:5      | Killed Yoba's ghost
  4666 | D:5      | Reached skill level 5 in Spellcasting
  4666 | D:5      | Reached XP level 7. HP: 23/41 MP: 1/16
  5012 | D:5      | Reached skill level 5 in Dodging
  5459 | D:5      | Acquired Vehumet's first power
  5459 | D:5      | Offered knowledge of Freeze by Vehumet.
  5590 | D:5      | Reached XP level 8. HP: 46/46 MP: 1/18
  5849 | D:6      | Found a sand-covered staircase.
  5866 | Ossuary  | Entered an ossuary
  6150 | Ossuary  | Reached skill level 6 in Spellcasting
  6321 | D:6      | Offered knowledge of Sandblast by Vehumet.
  6325 | D:6      | Noticed Eptagon's ghost (experienced OpTm)
  6332 | D:6      | Killed Eptagon's ghost
  6332 | D:6      | Reached skill level 5 in Conjurations
  6614 | D:6      | DEFE: амуль промахов добавляет промахов и заклинаниям тоже
  6777 | D:6      | Noticed Edmund
  6782 | D:6      | Killed Edmund
  6945 | D:6      | DEFE: таскал бы защитную булаву
  6954 | D:6      | Reached skill level 7 in Spellcasting
  6977 | D:6      | DEFE: AC всегда в тему
  7167 | D:7      | Reached XP level 9. HP: 51/51 MP: 16/21
  7168 | D:7      | Yoba: фаербол
  7168 | D:7      | DEFE: конечно
  7174 | D:7      | Learned a level 5 spell: Fireball
  7174 | D:7      | DEFE: уже торнадо выпало
  7181 | D:7      | DEFE: стики флейм
  7181 | D:7      | DEFE: через Z
  7186 | D:7      | Gained mutation: You passively map a small area around you. [mutagenic meat]
  7187 | D:7      | Gained mutation: Your muscles are strong. (Str +2) [mutagenic meat]
  7485 | D:7      | Noticed Gargoyl's ghost (experienced DsAK)
  7493 | D:7      | Killed Gargoyl's ghost
  7898 | D:7      | Found a burning altar of Makhleb.
  7898 | D:7      | Found a snail-covered altar of Cheibriados.
  7950 | D:7      | DEFE: вех дарил уже что-нибудь?
  7954 | D:7      | DEFE: а санд бласт
  7954 | D:7      | DEFE: нинужен
  7954 | D:7      | Yoba: фриз и сенбласт
  8086 | D:7      | DEFE: просто нужно будет что-нибудь не огненное
  8152 | D:8      | DEFE: искандер мистик бласт
  8152 | D:8      | DEFE: лучше всего
  8155 | D:8      | Found a shadowy altar of Dithmenos.
  8166 | D:8      | Reached skill level 8 in Spellcasting
  8167 | D:8      | Offered knowledge of Dazzling Spray by Vehumet.
  8332 | D:8      | Reached skill level 5 in Fighting
  8364 | D:8      | DEFE: что за щит?
  8367 | D:8      | DEFE: щиты пригодятся
  8418 | D:8      | DEFE: если норм кастуется можно не снимать
  8418 | D:8      | DEFE: если плохо лучше снять
  8418 | D:8      | DEFE: и начать с баклера
  8523 | D:8      | Acquired Vehumet's second power
  8662 | D:8      | Yoba: кстати,FeFe должно норм быть
  8723 | D:8      | DEFE: Fe это по определению хардкор
  8726 | D:8      | Found a shadowy altar of Dithmenos.
  8776 | D:8      | Reached XP level 10. HP: 59/59 MP: 17/24
  9459 | D:9      | Reached skill level 9 in Spellcasting
  9638 | D:9      | Offered knowledge of Ignite Poison by Vehumet.
  9956 | D:9      | Found a staircase to the Lair.
 10068 | D:9      | Acquired Vehumet's third power
 10176 | D:9      | Offered knowledge of Iskenderun's Battlesphere by Vehumet.
 10324 | D:9      | Yoba: в орк же?
 10631 | D:10     | Entered Level 10 of the Dungeon
 10632 | D:10     | DEFE: до д 12 дойди
 10632 | D:10     | DEFE: или 11 хотя бы
 10632 | D:10     | DEFE: и лучше леер
 10632 | D:10     | Yoba: чому леер,там монстры злые
 10632 | D:10     | Yoba: а в орке паки будут с 1 фаербола падат
 10660 | D:10     | DEFE: а в леере типа не будут?
 10660 | D:10     | DEFE: иди в коридор
 10669 | D:10     | DEFE: и через Z
 10669 | D:10     | DEFE: поджигай
 10669 | D:10     | Noticed an unseen horror
 10673 | D:10     | Killed an unseen horror
 10830 | D:10     | DEFE: у тебя там была же бронька
 10830 | D:10     | DEFE: rPois
 11122 | D:10     | Reached skill level 10 in Spellcasting
 11127 | D:10     | Found a glowing silver altar of Zin.
 11960 | D:11     | Reached XP level 11. HP: 64/64 MP: 27/27
 12196 | D:11     | Noticed a hill giant
 12209 | D:11     | Killed a hill giant
 12568 | D:11     | Reached skill level 10 in Dodging
 13468 | D:11     | Yoba: лаги пошли
 13578 | Lair:1   | Entered Level 1 of the Lair of Beasts
 13706 | Lair:1   | Reached skill level 11 in Spellcasting
 13972 | Lair:1   | Reached skill level 10 in Fire Magic
 14109 | Lair:1   | Noticed an eight-headed hydra
 14112 | Lair:1   | Killed an eight-headed hydra
 14515 | Lair:1   | Offered knowledge of Iskenderun's Mystic Blast by Vehumet.
 14588 | Lair:1   | Learned a level 4 spell: Iskenderun's Mystic Blast
 14805 | Lair:2   | Got a heavily runed scale mail
 14957 | Lair:1   | Identified the +6 scale mail "Usiocod" {rN+ Int+3 Dex-3} (You found it on level 2 of the Lair of Beasts)
 15060 | Lair:1   | Reached XP level 12. HP: 68/72 MP: 12/29
 15986 | Lair:2   | Yoba: отошел за чаеп
 15986 | Lair:2   | Yoba: чаем
 15986 | Lair:2   | DEFE: ага
 15986 | Lair:2   | Yoba: едем
 16347 | Lair:3   | Reached skill level 10 in Conjurations
 16507 | Lair:3   | Noticed a four-headed hydra
 16543 | Lair:3   | Killed a four-headed hydra
 16737 | Lair:3   | Reached skill level 12 in Spellcasting
 17697 | Lair:4   | Noticed Urug
 17973 | Lair:3   | Killed Urug
 18137 | Lair:4   | Found a hole to the Spider Nest.
 18351 | Lair:4   | Found a staircase to the Shoals.
 18628 | Lair:4   | Noticed an eight-headed hydra
 18631 | Lair:4   | Killed an eight-headed hydra
 18985 | Lair:5   | Noticed Kirke
 18993 | Lair:5   | Killed Kirke
 19143 | Lair:5   | Found a dark tunnel.
 19160 | Volcano  | Entered a volcano
 19571 | Lair:5   | Noticed Maud
 19741 | Lair:5   | Reached XP level 13. HP: 69/79 MP: 22/31
 19748 | Lair:5   | Killed Maud
 20516 | Lair:5   | Noticed Snorg
 20520 | Lair:5   | Killed Snorg
 20520 | Lair:5   | Reached skill level 13 in Spellcasting
 20773 | Lair:5   | Identified a +0 rod of the swarm (9/9) (You found it on level 5 of the Lair of Beasts)
 21113 | Lair:6   | Offered knowledge of Irradiate by Vehumet.
 23001 | Lair:7   | Yoba: так,я все,наигрался.Дефе оч имбовый,по отношению ко всем остальным,завтра продолжу
 23397 | Lair:8   | Entered Level 8 of the Lair of Beasts
 23397 | Lair:8   | Found a staircase to the Slime Pits.
 23659 | Lair:8   | Found a frozen archway.
 24264 | Lair:7   | Reached skill level 14 in Spellcasting
 24273 | Lair:7   | Reached XP level 14. HP: 19/86 MP: 8/34
 25119 | Lair:8   | Offered knowledge of Venom Bolt by Vehumet.
 26967 | D:12     | Found a staircase to the Orcish Mines.
 27452 | D:12     | Offered knowledge of Spellforged Servitor by Vehumet.
 27538 | D:12     | Reached skill level 10 in Fighting
 27599 | D:12     | Gained mutation: Scrolls take you a little longer to read. [potion of mutation]
 27599 | D:12     | Gained mutation: You have an increased reservoir of magic (+10% MP). [potion of mutation]
 27599 | D:12     | Gained mutation: You are dopey. (Int -2) [potion of mutation]
 27615 | D:12     | You fall through a shaft!
 27615 | D:13     | Noticed Erolcha
 27715 | D:13     | Killed Erolcha
 28705 | D:12     | Found a roughly hewn altar of Beogh.
 28964 | Orc:1    | Entered Level 1 of the Orcish Mines
 29114 | Orc:1    | Offered knowledge of Ozocubu's Refrigeration by Vehumet.
 29293 | Orc:1    | Found Milo's Gadget Boutique.
 29487 | Orc:1    | Found Usaqun's Armour Shop.
 29533 | Orc:1    | Found Kydi's Jewellery Boutique.
 29542 | Orc:1    | Bought an uncursed ring of magical power for 280 gold pieces
 29625 | Orc:2    | Found Losedgh's Jewellery Boutique.
 29823 | Orc:2    | Found a roughly hewn altar of Beogh.
 30113 | Orc:3    | Found a staircase to the Elven Halls.
 30674 | Orc:4    | Entered Level 4 of the Orcish Mines
 30739 | Orc:3    | Offered knowledge of Bolt of Fire by Vehumet.
 30775 | Orc:3    | Learned a level 6 spell: Bolt of Fire
 31218 | Orc:4    | Noticed Sonja
 31524 | Orc:4    | Reached skill level 15 in Spellcasting
 31772 | Orc:4    | Killed Sonja
 32221 | Orc:4    | Offered knowledge of Iron Shot by Vehumet.
 32600 | Orc:4    | Found a roughly hewn altar of Beogh.
 32606 | Orc:4    | Found Lixuruk's Magic Scroll Boutique.
 32623 | Orc:4    | Bought a scroll of teleportation for 42 gold pieces
 32623 | Orc:4    | Bought a scroll of teleportation for 42 gold pieces
 32623 | Orc:4    | Bought a scroll of identify for 28 gold pieces
 32623 | Orc:4    | Bought a scroll of identify for 28 gold pieces
 32623 | Orc:4    | Bought a scroll of identify for 28 gold pieces
 32635 | Orc:4    | Found Socyel Ciod's Antique Weapon Shop.
 32872 | Orc:4    | Reached XP level 15. HP: 92/92 MP: 29/39
 32876 | Orc:4    | Noticed an orc warlord
 32882 | Orc:4    | Killed an orc warlord
 33081 | Orc:4    | Offered knowledge of Fire Storm by Vehumet.
 33081 | Orc:4    | Offered knowledge of Glaciate by Vehumet.
 33081 | Orc:4    | Offered knowledge of Shatter by Vehumet.
 33288 | Orc:4    | Found a roughly hewn altar of Beogh.
 34039 | Orc:4    | Found Xomasan's Book Shop.
 34070 | Orc:4    | Found Qaiten's Antique Weapon Boutique.
 35024 | D:14     | Noticed Frances
 35028 | D:14     | Killed Frances
 35568 | D:14     | Noticed Agnes
 35571 | D:14     | Killed Agnes
 35587 | D:14     | Gained mutation: You can spit weak poison. [mutagenic meat]
 36174 | D:14     | Gained mutation: You occasionally shout uncontrollably at your foes. [mutagenic meat]
 36176 | D:14     | Lost mutation: Scrolls take you a little longer to read. [mutagenic meat]
 36320 | D:14     | Found a gate to the Vaults.
 36522 | D:15     | Entered Level 15 of the Dungeon
 36522 | D:15     | Noticed Josephine
 36528 | D:14     | Killed Josephine
 37055 | D:15     | Noticed Rupert
 37063 | D:15     | Killed Rupert
 37219 | D:15     | Gained mutation: You can translocate small distances at will. [mutagenic meat]
 37334 | D:15     | Reached skill level 15 in Dodging
 37503 | D:15     | Ololoev: DEFE это правильная херня
 37503 | D:15     | Yoba: слишком оп
 37503 | D:15     | Yoba: хожу пуляю фаерболами на расслабоне
 37503 | D:15     | Ololoev: ну не без этого, да
 37503 | D:15     | Ololoev: сделай #
 37503 | D:15     | Yoba: один раз всеголишь было опасно,когда меня орки на лестнице поймали
 37611 | D:15     | Ololoev: кстати вот только что тоже было опасно
 37641 | D:15     | Yoba: с визардом то?брось
 37678 | D:15     | Ololoev: колдун с твоим MR+ мог бы на раз ребя абисснуть
 37678 | D:15     | Ololoev: *тебя
 37678 | D:15     | Yoba: не знал
 37678 | D:15     | Reached XP level 16. HP: 99/99 MP: 41/41
 37770 | D:15     | Found a staircase to the Depths.
 37886 | D:15     | Reached skill level 16 in Spellcasting
 38095 | D:15     | Ololoev: ппц шмот, кольцо магии, роба архимага, еще и мутагена на MP+ обожрался
 38095 | D:15     | Yoba: маг же
 38113 | D:14     | Ololoev: просто далеко не всегда даже одна из этих шмоток выпадает до конца леира
 38117 | D:14     | Yoba: я уже и орк прошел,а кольцо на магию купил
 38212 | D:14     | Ololoev: а, точно, я чет подумал ты данж еще чистишь
 38212 | D:14     | Yoba: там магазин элитный попался,в орке
 38212 | D:14     | Yoba: там это и зуб вампира
 38212 | D:14     | Yoba: жалко они мне не нужны
 38423 | Spider:1 | Entered Level 1 of the Spider Nest
 38586 | Spider:1 | Ololoev: да, как-то оче резко DEFE стартует, при том что ты уже накачал файта и доджа тебе осталось 6-7 левелов файера и кожуры до фшторма
 38605 | Spider:1 | Yoba: я как взял фаербол,всех ваншотал
 38605 | Spider:1 | Yoba: бредже
 38622 | Spider:1 | Noticed Aizul
 38632 | Spider:1 | Ololoev: ща доиграешься
 38834 | Lair:4   | Ololoev: о, ты еще и без рпойз
 38844 | Lair:4   | Yoba: ты прав
 38848 | Spider:1 | Ololoev: а то айзул ваншотнул бы еще
 38853 | Spider:1 | Killed Aizul
 39699 | Spider:2 | Reached skill level 15 in Fire Magic
 39881 | Spider:2 | Reached skill level 15 in Conjurations
 40834 | Spider:2 | Yoba: оооо
 41925 | Spider:3 | Identified a scroll of acquirement
 43030 | Spider:4 | Entered Level 4 of the Spider Nest
 43068 | Spider:4 | Reached XP level 17. HP: 105/105 MP: 28/43
 43097 | Spider:4 | Noticed Arachne
 43713 | Spider:4 | Got a fine halberd
 43717 | Spider:4 | Identified the cursed +3 halberd "Guth" {vamp, Dex+3} (You found it on level 4 of the Spider Nest)
 44223 | Spider:4 | Noticed Wiglaf
 44226 | Spider:4 | Killed Wiglaf
 44461 | Spider:4 | Ololoev: ща сделаю себе инста-куча пити сифмуны
 44461 | Spider:4 | Yoba: это как
 44566 | Spider:4 | Ololoev: хз где в эрли нашел пойло экспы, а так как сиф дает пити за прокачку магии, я просто бухну экспу и волью все в магию
 44566 | Spider:4 | Yoba: абуз
 44566 | Spider:4 | Ololoev: обычно *** дается хотя-бы
 44566 | Spider:4 | Ololoev: лол хрен найдешь пойло экспы в эрли
 44566 | Spider:4 | Ololoev: у меня только второй раз так с сифой
 44783 | Spider:4 | Yoba: аааа опять эта пидорская бабочка
 45059 | Spider:3 | Yoba: хз,пойду наверное в шоалсы
 45059 | Spider:3 | Yoba: она меня заовнит
 45059 | Spider:3 | Yoba: мб найду си инвиз
 45255 | Shoals:1 | Entered Level 1 of the Shoals
 45385 | Shoals:1 | Ololoev: у тебя есть фог и инвиз?
 45385 | Shoals:1 | Ololoev: бабочка не видит инвизнутых и не дрейнит
 45385 | Shoals:1 | Ololoev: херово
 45385 | Shoals:1 | Yoba: инвиза уже нет
 45385 | Shoals:1 | Yoba: я с одной так разобрался,со второй не пошло
 45429 | Shoals:1 | Noticed Nikola
 45433 | Shoals:1 | Killed Nikola
 45433 | Shoals:1 | Reached skill level 17 in Spellcasting
 45512 | Shoals:1 | Yoba: ооо
 46371 | Shoals:2 | Ololoev: чему ты так рад?
 46386 | Shoals:2 | Yoba: клоака невидимости
 46409 | Shoals:2 | Ololoev: найс
 46436 | Shoals:2 | Found Nutunes's Jewellery Shoppe.
 46458 | Shoals:2 | Ololoev: годное кольцо с фаером
 46458 | Shoals:2 | Ololoev: если rC хватает конечно
 46458 | Shoals:2 | Yoba: у меня амулет до сих пор нет,лол
 46458 | Shoals:2 | Yoba: 1 фейт за всю игру
 46458 | Shoals:2 | Bought the ring of Juatwuojedd {Fire +Inv MR+} for 579 gold pieces
 46497 | Shoals:2 | Ololoev: сделай дамп, интересно сколько павера с 3мя энхансерами
 46787 | Shoals:2 | Found Ystric's Gadget Emporium.
 46833 | Shoals:2 | Yoba: ну спеллповер почти на всех кап
 47320 | Shoals:3 | Noticed Ilsuiw
 47320 | Shoals:3 | Killed Ilsuiw
 47955 | Shoals:3 | Noticed Polyphemus
 47961 | Shoals:3 | Reached XP level 18. HP: 112/112 MP: 32/45
 47966 | Shoals:3 | Killed Polyphemus
 48224 | Shoals:4 | Entered Level 4 of the Shoals
 48648 | Shoals:3 | Ololoev: оставил бы 4е шоалсы до момента когда фшторм выучишь
 48648 | Shoals:3 | Yoba: а как действует песня сирены?
 48777 | Shoals:2 | Bought an uncursed amulet of clarity for 260 gold pieces
 49393 | Shoals:4 | Ololoev: назад отходить не можешь и иногда сам к ней приближаешься
 49455 | Shoals:4 | Ololoev: шум около ~25ти прерывает песню (скролл шума, болт лайтнинга, шаттер, гонг и т.п.
 49598 | Shoals:3 | Yoba: лаги пошли,релоадну
 50662 | Shoals:4 | Got a barnacled rune of Zot
 50828 | Shoals:4 | Got an ichor-stained long sword
 50831 | Shoals:4 | Identified the +4 long sword of Qazlal's Envy {pain, Str-5 Int+4} (You took it off a merfolk aquamancer on level 4 of the Shoals)
 51356 | Spider:4 | Killed Arachne
 51708 | Spider:4 | Reached skill level 18 in Spellcasting
 52685 | Spider:4 | Got a gossamer rune of Zot
 53419 | D:14     | Reached XP level 19. HP: 118/118 MP: 47/47
 53432 | Vaults:1 | Entered Level 1 of the Vaults
 54184 | Vaults:1 | Got a translucent flail
 54186 | Vaults:1 | Identified the cursed +2 flail of Fuhainyrch {flame, +Rage +Inv rF- rN++} (You found it on level 1 of the Vaults)
 54800 | Vaults:1 | Learned a level 9 spell: Fire Storm
 55012 | Vaults:1 | Gained mutation: You are resistant to hostile enchantments. [mutagenic meat]
 55016 | Vaults:1 | Lost mutation: You can spit weak poison. [mutagenic meat]
 55017 | Vaults:1 | Gained mutation: Your natural rate of healing is unusually fast. [mutagenic meat]
 55339 | Vaults:1 | Found a portal to a secret trove of treasure.
 56180 | Vaults:2 | Gained mutation: You have very sharp teeth. [mutagenic meat]
 56181 | Vaults:2 | Lost mutation: You can translocate small distances at will. [mutagenic meat]
 56282 | Vaults:2 | Noticed Asterion
 56287 | Vaults:2 | Killed Asterion
 56561 | Vaults:2 | Found a staircase to the Crypt.
 56590 | Vaults:2 | Reached skill level 19 in Conjurations
 57009 | Vaults:2 | Reached XP level 20. HP: 116/124 MP: 49/49
 58045 | Vaults:3 | Noticed Norris
 58048 | Vaults:3 | Killed Norris
 59813 | Vaults:4 | Noticed Boris
 59815 | Vaults:4 | Killed Boris
 59815 | Vaults:4 | Reached skill level 20 in Conjurations
 59923 | Vaults:4 | Noticed Illiel's ghost (mighty HEHu)
 59930 | Vaults:4 | Killed Illiel's ghost
 60184 | Vaults:4 | Reached XP level 21. HP: 131/131 MP: 38/51
 61630 | Elf:1    | Entered Level 1 of the Elven Halls
 62811 | Elf:2    | Found a runed gate.
 62824 | Elf:2    | Found a runed gate.
 62825 | Elf:2    | Found a runed gate.
 63490 | Elf:2    | Found Coru's Antique Weapon Emporium.
 63502 | Elf:2    | Found a huge runed gate.
 63502 | Elf:2    | Found a huge runed gate.
 63515 | Elf:2    | Found a huge runed gate.
 63516 | Elf:2    | Found a huge runed gate.
 63520 | Elf:2    | Found a huge runed gate.
 63521 | Elf:2    | Found a huge runed gate.
 63521 | Elf:2    | Found a huge runed gate.
 63522 | Elf:2    | Found a huge runed gate.
 63522 | Elf:2    | Found a huge runed gate.
 63529 | Elf:2    | Found a huge runed gate.
 63531 | Elf:2    | Found a huge runed gate.
 63531 | Elf:2    | Found a huge runed gate.
 63531 | Elf:2    | Found a huge runed gate.
 63531 | Elf:2    | Found a huge runed gate.
 63531 | Elf:2    | Found a huge runed gate.
 63531 | Elf:2    | Found a huge runed gate.
 63532 | Elf:2    | Found a huge runed gate.
 63608 | Elf:2    | Found a huge runed gate.
 63609 | Elf:2    | Found a huge runed gate.
 63610 | Elf:2    | Found a huge runed gate.
 63611 | Elf:2    | Found a huge runed gate.
 63614 | Elf:2    | Found a huge runed gate.
 63615 | Elf:2    | Found a huge runed gate.
 63719 | Elf:3    | Entered Level 3 of the Elven Halls
 63917 | Elf:3    | Reached XP level 22. HP: 113/137 MP: 52/52
 63917 | Elf:3    | Reached skill level 21 in Conjurations
 64150 | Elf:3    | Got a scorched tin ring
 64178 | Elf:3    | Identified the ring "Suimec" {rF+ Int+4} (You took it off a deep elf demonologist on level 3 of the Elven Halls)
 64202 | Elf:3    | Identified the Tome of Curses
 64218 | Elf:3    | Got a wavering sapphire amulet
 64219 | Elf:3    | Identified the amulet "Eloytich" {Faith rF+ rC+} (You took it off a deep elf annihilator on level 3 of the Elven Halls)
 64235 | Elf:3    | Got a bronze chain mail
 64236 | Elf:3    | Identified the +8 chain mail "Jyqaw" {MR+ MP+9} (You found it on level 3 of the Elven Halls)
 64285 | Elf:3    | Identified Qiri's Last Secrets of Hermeneutics
 64290 | Elf:3    | Identified Kikubaaqudgha's Guide on Black Magic
 65469 | Elf:2    | Noticed Azrael
 65475 | Elf:2    | Killed Azrael
 66094 | D:13     | DEFE: sup
 66101 | D:14     | DEFE: давай дамп
 66101 | D:14     | Yoba: sup
 66170 | Depths:1 | Entered Level 1 of the Depths
 66331 | Depths:1 | Noticed Thronen's ghost (mighty FoFi)
 66334 | Depths:1 | Killed Thronen's ghost
 66499 | Depths:1 | Found a corrupted altar of Lugonu.
 66555 | Depths:1 | Identified Lugonu's Volume of Confrontation (You found it on level 1 of the Depths)
 66556 | Depths:1 | DEFE: Что вех подарил?
 66559 | Depths:1 | DEFE: о глац
 66559 | Depths:1 | DEFE: хорошо
 66559 | Depths:1 | Yoba: тебе список книг?
 66559 | Depths:1 | Yoba: а фаершторм уже есть
 66559 | Depths:1 | Yoba: имба пиздец
 66559 | Depths:1 | DEFE: да я видел в дампе
 66559 | Depths:1 | DEFE: глац тоже нужен
 66559 | Depths:1 | Yoba: эльфийскую крепость зачистил с трех
 66559 | Depths:1 | DEFE: и торнадо
 66559 | Depths:1 | DEFE: ООД нет
 66559 | Depths:1 | DEFE: это плохо
 66559 | Depths:1 | Yoba: есть
 66559 | Depths:1 | Yoba: лежит гдето
 66559 | Depths:1 | DEFE: так почему еще не выучил?
 66605 | Depths:1 | DEFE: ООД торнадо, болт оф кол и глац
 66605 | Depths:1 | DEFE: хватит на 15 рун
 66607 | D:15     | DEFE: еще реген,х аста и аура абжурации
 66932 | Elf:3    | Learned a level 7 spell: Orb of Destruction
 66949 | Elf:3    | Learned a level 9 spell: Glaciate
 66949 | Elf:3    | DEFE: посохи менять придется
 66949 | Elf:3    | DEFE: с огенным не надо воду колдовать
 66950 | Elf:3    | Yoba: есть визардри
 66950 | Elf:3    | Yoba: ну и ледяной
 66951 | Elf:3    | DEFE: ледяной и бери
 66951 | Elf:3    | DEFE: болт оф колд не забудь
 67008 | Elf:3    | Yoba: а его нет
 67017 | Elf:2    | DEFE: хуево
 67141 | Orc:3    | Learned a level 9 spell: Tornado
 67334 | Depths:1 | Reached skill level 1 in Air Magic
 67490 | Depths:1 | DEFE: у тебя 5 энчант армор скроллов
 67490 | Depths:1 | DEFE: энчанти же
 67490 | Depths:1 | Yoba: что чантить?
 67490 | Depths:1 | Yoba: шапку?
 67490 | Depths:1 | DEFE: робу
 67490 | Depths:1 | DEFE: и шапку
 67490 | Depths:1 | Yoba: я ее менять хотел
 67490 | Depths:1 | DEFE: на что?
 67490 | Depths:1 | DEFE: арч маги это лучшая роба для тебя
 67490 | Depths:1 | Yoba: ок
 67491 | Depths:1 | DEFE: шапку менять только на артфекатные
 67495 | Depths:1 | Yoba: так,есть два аквариума
 67495 | Depths:1 | Found a gateway to Hell.
 67535 | Depths:1 | DEFE: книги или армор
 67535 | Depths:1 | DEFE: можешь палку хасты или хил вундс выбить
 67556 | Depths:1 | Yoba: прикольный спелл
 67559 | Depths:1 | DEFE: он в упор мало сносит
 67568 | Depths:1 | DEFE: ему разгон нужен
 67579 | Depths:1 | DEFE: болт лучше
 67581 | Depths:1 | DEFE: т.к. насквозь бьет
 67870 | Depths:1 | DEFE: лучше чем шапка инта ты не найдешь
 67870 | Depths:1 | DEFE: только артефакт
 67870 | Depths:1 | DEFE: так что омжешь и не подбирать
 67873 | Depths:1 | Yoba: нда
 68029 | Depths:1 | Reached skill level 5 in Air Magic
 68066 | Depths:1 | Found a one-way gate to the infinite horrors of the Abyss.
 68187 | Depths:1 | Found a one-way gate leading to the halls of Pandemonium.
 68550 | Depths:2 | Yoba: а да,я в 5 вольт не ходил
 68550 | Depths:2 | Yoba: надо туда?
 68551 | Depths:2 | DEFE: и правильно делал
 68780 | Depths:2 | DEFE: очень опасная поебеноь
 68780 | Depths:2 | DEFE: эти птицы
 68783 | Depths:2 | DEFE: в ледяном аду есть еще более опасная версия
 68921 | Depths:2 | DEFE: ты шторм за LOS кидать можешь же
 69074 | Depths:2 | Found an iron altar of Okawaru.
 69084 | Depths:2 | Learned a level 6 spell: Deflect Missiles
 69212 | Depths:2 | DEFE: за кажое попадание болт уменьшает дальность на 1
 69224 | Depths:2 | Reached XP level 23. HP: 143/143 MP: 20/54
 69400 | Depths:2 | Reached skill level 10 in Air Magic
 69732 | Depths:3 | Noticed Mara
 69735 | Depths:3 | Killed Mara
 69938 | Depths:3 | DEFE: тебе бы аир прокачать
 69946 | Depths:3 | DEFE: до волтс 5
 69948 | Depths:3 | Found Lotreack's Distillery.
 69956 | Depths:3 | DEFE: что бы под брилом торнадо работал
 69956 | Depths:3 | Bought a potion of curing for 57 gold pieces
 69969 | Depths:3 | Found Uzufy's Assorted Antiques.
 69972 | Depths:3 | Bought a potion of curing for 111 gold pieces
 69972 | Depths:3 | Bought a scroll of blinking for 277 gold pieces
 69972 | Depths:3 | Bought a potion of curing for 111 gold pieces
 70032 | Depths:3 | Found Yfybeved's Assorted Antiques.
 70064 | Depths:3 | Found Inwyew's Distillery.
 70073 | Depths:3 | Bought a potion of curing for 39 gold pieces
 70106 | Depths:3 | Bought a potion of curing for 120 gold pieces
 70124 | Depths:3 | Found Xurisi's Jewellery Emporium.
 70283 | Depths:3 | DEFE: вот
 70283 | Depths:3 | DEFE: баклер давно
 70283 | Depths:3 | DEFE: пора
 70283 | Depths:3 | DEFE: уже носить
 70283 | Depths:3 | Yoba: с посохом работает?
 70283 | Depths:3 | DEFE: конечно
 70290 | Depths:3 | DEFE: лкчше всего оф резистанс найти
 70290 | Depths:3 | Yoba: надо будет на пути в 5 вольты подобрать
 70410 | Depths:3 | Found a gateway to a ziggurat.
 70426 | Depths:3 | DEFE: включи щиты
 70475 | Depths:3 | DEFE: тебе 5 нужно
 70505 | Depths:3 | DEFE: ебанутый
 70505 | Depths:3 | DEFE: оставь агилити
 70505 | Depths:3 | DEFE: и майт
 70505 | Depths:3 | Yoba: зач
 70505 | Depths:3 | DEFE: как мочить будешь
 70505 | Depths:3 | Yoba: я же маг
 70505 | Depths:3 | Yoba: чем мне табать
 70505 | Depths:3 | DEFE: и что?
 70505 | Depths:3 | Yoba: посохом?
 70505 | Depths:3 | DEFE: посохом
 70505 | Depths:3 | DEFE: он нехуево так сносит
 70505 | Depths:3 | DEFE: когда тебя демоны без маны оставят
 70534 | Depths:3 | Reached skill level 1 in Shields
 70667 | Depths:3 | DEFE: ты в курсе у посохов зависит урон от эвоков
 70668 | Depths:3 | Yoba: т.е мне еще эвоки и посохи качать?
 70669 | Depths:3 | DEFE: позже
 70671 | Depths:3 | DEFE: но да
 70673 | Depths:3 | DEFE: десятка в посохи
 70761 | Depths:3 | DEFE: эвоки еще нужны для хрустального шара
 70763 | Depths:3 | DEFE: но иногда можно и без него
 71169 | Depths:3 | Yoba: лаги
 71267 | Depths:3 | Got a clouded marble ring
 71312 | Depths:3 | DEFE: вот зачем нужно мили
 71316 | Depths:3 | DEFE: что бы таких ситуациях просто дать в ебало
 71316 | Depths:3 | DEFE: а магию ты зря выпил
 71316 | Depths:3 | Yoba: вот от него я спригганом умер
 71316 | Depths:3 | DEFE: это очень ценное зелье
 71475 | Depths:3 | Identified the cursed ring "Wipot" {-Tele rElec rPois rN+ Str-3} (You took it off a spriggan rider on level 3 of the Depths)
 71577 | Depths:3 | Reached skill level 5 in Shields
 72184 | Depths:4 | Noticed Saint Roka
 72185 | Depths:4 | Yoba: следующую буду орком играть
 72185 | Depths:4 | Yoba: можно банду орков водить,прикольно
 72187 | Depths:4 | Killed Saint Roka
 72187 | Depths:4 | Reached XP level 24. HP: 122/148 MP: 54/54
 72191 | Depths:4 | Noticed Grim's ghost (mighty OgBe)
 72235 | Depths:4 | Killed Grim's ghost
 72618 | Depths:4 | Yoba: о
 72618 | Depths:4 | Yoba: как найти сокровищницу в поиске?
 72618 | Depths:4 | Yoba: там +4 демон вхип нужен на вход
 72841 | Depths:4 | Reached skill level 15 in Air Magic
 73114 | Depths:4 | Got a shimmering lead ring
 73116 | Depths:4 | Identified the ring "Zoipefer" {rF+ Str+2 Int+3 Dex-2} (You took it off a hell knight on level 4 of the Depths)
 73373 | Depths:5 | Entered Level 5 of the Depths
 74612 | Depths:5 | Reached skill level 10 in Shields
 74850 | Depths:5 | Found a gate to the Realm of Zot.
 75619 | Vaults:1 | You paid a toll of a +4 demon whip to enter a treasure trove
 75620 | Trove    | Entered a treasure trove
 75629 | Trove    | Yoba: ойойой сколько лута
 75649 | Trove    | Got a heavily runed hat
 75660 | Trove    | Identified the +2 hat "Gaotel" {rElec MP+9} (You found it in a treasure trove)
 75714 | Trove    | Got a shimmering chain mail
 75725 | Trove    | Identified the +0 chain mail "Cunoh" {*Drain +Fly rPois rN+} (You found it in a treasure trove)
 75733 | Trove    | Got a distressingly furry scale mail
 75739 | Trove    | Identified the +1 scale mail of Bongi {rF++ Dex-3 Slay+4} (You found it in a treasure trove)
 75779 | Trove    | Yoba: обожи
 75788 | Trove    | Got a crude scale mail
 75794 | Trove    | Identified the +5 scale mail of Honesty {rElec} (You found it in a treasure trove)
 75817 | Trove    | Yoba: что из этого брать?щит вроде норм,но он EV снижает
 75819 | Trove    | Got a pair of smoking gloves
 75825 | Trove    | Identified the -2 pair of gloves of Music {Dex+2} (You found it in a treasure trove)
 75833 | Trove    | Got a pair of shimmering boots
 75844 | Trove    | Identified the +1 pair of boots "Lees" {Str+4} (You found it in a treasure trove)
 76037 | Vaults:4 | Learned a level 7 spell: Spellforged Servitor
 76078 | Vaults:5 | Entered Level 5 of the Vaults
 76109 | Vaults:5 | Reached XP level 25. HP: 153/153 MP: 54/54
 76769 | Vaults:5 | Noticed Frederick
 76769 | Vaults:5 | Killed Frederick
 77655 | Vaults:5 | DEFE: что из чего брать?
 77655 | Vaults:5 | Yoba: все уже
 77655 | Vaults:5 | Yoba: я в сокровищнице кучу вещей нашел
 77655 | Vaults:5 | DEFE: а
 77655 | Vaults:5 | DEFE: щит самоубийц
 77655 | Vaults:5 | DEFE: веселая вещь
 77655 | Vaults:5 | DEFE: кк прблема не в том что EV меньше
 77655 | Vaults:5 | DEFE: а в том, что при ударе об щит он шумит
 77655 | Vaults:5 | DEFE: на весь уровень
 77655 | Vaults:5 | Yoba: хуже фаершторма?
 77655 | Vaults:5 | DEFE: можно посмотреть
 77843 | Vaults:5 | DEFE: да
 77845 | Vaults:5 | DEFE: вдвое громче
 77925 | Vaults:5 | Identified the Guide on Dusty Evil
 78122 | Vaults:5 | DEFE: о
 78122 | Vaults:5 | DEFE: посох для торнадо
 78175 | Vaults:5 | DEFE: он еще rElec дает
 78354 | Vaults:5 | Got a silver rune of Zot
 78500 | Vaults:5 | Yoba: этот нинужен
 78901 | Vaults:4 | Yoba: в зот?
 79287 | Depths:5 | DEFE: а что там?
 79287 | Depths:5 | Yoba: орб
 79287 | Depths:5 | Yoba: говорят,лежит
 79287 | Depths:5 | DEFE: да я не про то
 79287 | Depths:5 | DEFE: в общем я бы крипт сделал
 79422 | Depths:1 | DEFE: потом при желании зот1-4
 79449 | D:15     | DEFE: потом либо слаймы либо паны
 79575 | Crypt:1  | Entered Level 1 of the Crypt
 79576 | Crypt:1  | DEFE: если хочешь в 3 руны победу иди сразу в зот
 79764 | Crypt:1  | DEFE: можешь еще этажей 8 зига сделать
 80323 | Crypt:2  | Reached XP level 26. HP: 159/159 MP: 51/54
 80338 | Crypt:2  | Reached skill level 1 in Ice Magic
 80897 | Crypt:2  | Noticed Khufu
 80897 | Crypt:2  | DEFE: для пана нужно минимум rC+, rF+, rN+, see inv
 80897 | Crypt:2  | DEFE: еще и возможность доводть все до +++
 80897 | Crypt:2  | DEFE: кроме rN
 80897 | Crypt:2  | DEFE: хотя и его желательно
 80897 | Crypt:2  | DEFE: штормом его
 80897 | Crypt:2  | Yoba: rN нет
 80899 | Crypt:2  | Killed Khufu
 80899 | Crypt:2  | Reached skill level 5 in Ice Magic
 80900 | Crypt:2  | DEFE: тормент!
 80945 | Crypt:2  | DEFE: еще хорошо бы relec
 80964 | Crypt:2  | DEFE: и rMut
 81038 | Crypt:2  | Yoba: это есть
 81179 | Crypt:2  | DEFE: из спеллов
 81181 | Crypt:2  | DEFE: regen просто мастхев
 81219 | Crypt:2  | DEFE: еще хорошо бы cblink и абжурейшен с хастой
 81222 | Crypt:2  | DEFE: не помешает и статуя
 81224 | Crypt:2  | Yoba: чего нет того нет
 81224 | Crypt:2  | DEFE: но она конкретно против глоркса
 81556 | Crypt:3  | Entered Level 3 of the Crypt
 81656 | Crypt:3  | Yoba: щитов достаточно?
 81674 | Crypt:3  | Yoba: 14
 81681 | Crypt:3  | DEFE: да уже много
 81681 | Crypt:3  | DEFE: тебе 5 нужно было
 81681 | Crypt:3  | DEFE: 5 для баклера 15 для обычного
 81682 | Crypt:3  | DEFE: 25 для большого
 81682 | Crypt:3  | DEFE: x
 81682 | Crypt:3  | Yoba: ну щиты обычные есть
 81682 | Crypt:3  | DEFE: перспективный
 81687 | Crypt:3  | Yoba: а есть разница между glowing,runed,shining
 81693 | Crypt:3  | DEFE: нет
 81822 | Crypt:3  | DEFE: кольцо маны бесполезно
 81822 | Crypt:3  | DEFE: лучше нацчись расходовать ману
 81872 | Crypt:3  | DEFE: у тебя аквар
 81872 | Crypt:3  | DEFE: есть
 81872 | Crypt:3  | DEFE: книга, палка, броня
 81872 | Crypt:3  | DEFE: что желаешь
 81874 | Crypt:3  | DEFE: лол
 81874 | Crypt:3  | DEFE: ну чайник
 81875 | Crypt:3  | DEFE: имеет смысл конечно
 81875 | Crypt:3  | DEFE: только без rElec не кастуй
 81875 | Crypt:3  | DEFE: самоубьшься
 81885 | Crypt:3  | Learned a level 8 spell: Chain Lightning
 81908 | Crypt:3  | DEFE: мда
 81908 | Crypt:3  | Yoba: ох,роба
 81908 | Crypt:3  | Yoba: куплю
 81908 | Crypt:3  | DEFE: арчмаги лучше
 81908 | Crypt:3  | Yoba: так инт же
 81908 | Crypt:3  | Yoba: и резисты
 81908 | Crypt:3  | DEFE: смотри
 81928 | Crypt:3  | DEFE: первый энчансер примерно равен 15 инта
 81929 | Crypt:3  | DEFE: второй 7
 81929 | Crypt:3  | DEFE: так-то да
 81929 | Crypt:3  | DEFE: если с посохами
 81929 | Crypt:3  | DEFE: то арчмаги будет примерно равна 7 инта
 82120 | Crypt:3  | DEFE: купи да посмотри повер просто
 82653 | Crypt:3  | Noticed an ancient lich
 82654 | Crypt:3  | DEFE: только в томб не ходи
 82655 | Crypt:3  | Killed an ancient lich
 82860 | Crypt:3  | Noticed an ancient lich
 82861 | Crypt:3  | Killed an ancient lich
 82943 | Crypt:3  | Found an ancient bone altar of Kikubaaqudgha.
 82992 | Crypt:3  | DEFE: у тебя кучу лажи выкинуть можно
 82992 | Crypt:3  | DEFE: бранд випон
 82992 | Crypt:3  | DEFE: энчант випон
 83048 | Crypt:3  | DEFE: кольцо магии
 83051 | Crypt:3  | DEFE: кларити амуль
 83181 | Crypt:3  | Reached skill level 10 in Ice Magic
 83943 | Crypt:3  | Found a staircase to the Tomb.
 84910 | Orc:1    | Bought the +2 robe "Dona" {rElec rF+ Int+7} for 649 gold pieces
 85170 | Elf:3    | Learned a level 3 spell: Regeneration
 85174 | Elf:3    | DEFE: сделай 8 уровней зига
 85174 | Elf:3    | DEFE: в крайнем случае 10
 85174 | Elf:3    | DEFE: дальше не надо
 85174 | Elf:3    | Yoba: rN нет
 85174 | Elf:3    | DEFE: может там найдешь
 85174 | Elf:3    | DEFE: дай дамп
 85174 | Elf:3    | Yoba: а так,я сейчас ухожу,как приду зачищу зиг,а дальше
 85174 | Elf:3    | DEFE: фаер кольцо нахуй
 85174 | Elf:3    | DEFE: вместо него rN кольцо
 85174 | Elf:3    | Yoba: -tele это что?
 85174 | Elf:3    | Yoba: оно меня тпшить будет,или наоборот запретит?
 85221 | Elf:3    | DEFE: xnj&
 85222 | Elf:3    | DEFE: что7
 85222 | Elf:3    | Yoba: G
 85222 | Elf:3    | DEFE: мне не видно
 85222 | Elf:3    | DEFE: G
 85222 | Elf:3    | DEFE: не
 85222 | Elf:3    | DEFE: оно тебя убьет
 85222 | Elf:3    | DEFE: ring of life
 85222 | Elf:3    | DEFE: поищи
 85222 | Elf:3    | Yoba: lol
 85222 | Elf:3    | DEFE: иди в зиг
 85309 | Orc:3    | Yoba: и амулета нет
 85309 | Orc:3    | Yoba: ладно я пока все,вечером буду
 85309 | Orc:3    | Yoba: так,прив,зиггурата не вижу
 85784 | Zig:1    | Entered Level 1 of a ziggurat
 85822 | Zig:2    | Entered Level 2 of a ziggurat
 85858 | Zig:2    | DEFE: sup
 85863 | Zig:2    | Got a scorched helmet
 85875 | Zig:2    | Identified the cursed -6 helmet of Poxtun {+Fly rC+ SInv} (You found it on level 2 of a ziggurat)
 85893 | Zig:3    | Entered Level 3 of a ziggurat
 85929 | Zig:4    | Entered Level 4 of a ziggurat
 85960 | Zig:5    | Entered Level 5 of a ziggurat
 85966 | Zig:5    | Reached skill level 15 in Fighting
 86010 | Zig:6    | Entered Level 6 of a ziggurat
 86015 | Zig:6    | Reached skill level 22 in Spellcasting
 86024 | Zig:6    | Identified Vehumet's Incunabulum of Conjuration and Fire
 86038 | Zig:6    | Got a faintly humming leather armour
 86040 | Zig:6    | Identified the +0 leather armour of Fun {Int+2} (You found it on level 6 of a ziggurat)
 86073 | Zig:7    | Entered Level 7 of a ziggurat
 86189 | Zig:7    | Identified the Guide on the Entourage (You found it on level 7 of a ziggurat)
 86193 | Zig:8    | Entered Level 8 of a ziggurat
 86204 | Zig:8    | Reached XP level 27. HP: 165/165 MP: 56/56
 86265 | Zig:8    | Identified the Volume of Creative Moulding
 86271 | Zig:8    | Identified the Handbook of Icy Translocation
 86284 | Zig:9    | Entered Level 9 of a ziggurat
 86481 | Zig:9    | Yoba: зиг 9,теперь куда
 86487 | Zig:10   | Entered Level 10 of a ziggurat
 86565 | Zig:10   | Got a smoking cloak
 86576 | Zig:10   | Identified the +3 cloak of Beauty {MR++} (You found it on level 10 of a ziggurat)
 86592 | Zig:11   | Entered Level 11 of a ziggurat
 86618 | Zig:11   | Noticed Losoc the pandemonium lord
 86623 | Zig:11   | Killed from afar by a hellion

Vault maps used:
D:1:      zaba_arrival_water
D:2:      minmay_gold_behind_fungi
D:3:      first_bread
D:4:      minmay_temple_entry_large_hall
D:6:      nicolae_ossuary_entry_plus, uniq_edmund
D:7:      gammafunk_temple_overflow_wave
D:8:      nicolae_dithmenos_shadow_blocks, grunt_ogre_cave, kennysheep_diamond
D:9:      erik_lair_orcish_takeover, kennysheep_generic_room_9
D:10:     basic_altar
D:11:     hangedman_incinerator
D:12:     erik_orc_3, special_room, grunt_ministairs_11
D:13:     uniq_erolcha
D:14:     david_vaults_2, minivault_4, uniq_frances, uniq_agnes
D:15:     grunt_enter_depths_magical_seal, minivault_27, uniq_rupert,
          uniq_josephine
Temple:   nicolae_temple_elliptical
Lair:1:   infiniplex_staircase_pool
Lair:3:   pond_and_an_island_with_a_cottage, lemuel_fruit_tree
Lair:4:   minmay_shoals_entry_centaurs, spider_nest_entry_rubble, st_stairs_13,
          minivault_11, uniq_urug
Lair:5:   nicolae_volcano_entry_two_sided, uniq_maud, uniq_kirke, uniq_snorg
Lair:6:   grunt_megastairs_2
Lair:7:   grunt_megastairs_1
Lair:8:   minmay_lair_end_enchanted_forest, minmay_slime_entry_pillars,
          portal_ice_cave_entry_ice_beasts, serial_bayou_pond_e,
          minmay_hedge_maze
Shoals:1: uniq_nikola
Shoals:2: serial_shops, nicolae_shop_waterfront, shop, ldierk_geyser
Shoals:3: uniq_polyphemus, uniq_ilsuiw
Shoals:4: shoals_end_simple, shoal_ilsuiw
Spider:1: uniq_aizul
Spider:2: guppyfry_wasp_nest
Spider:4: guppyfry_spider_rune, nicolae_orb_stairs, uniq_arachne, uniq_wiglaf
Orc:1:    serial_shops, shop, shop, shop, shop
Orc:2:    serial_shops, nicolae_shop_crystal, basic_altar
Orc:3:    nicolae_orc_pool_cavern
Orc:4:    pubby_orc_utopia, uniq_sonja
Elf:1:    minmay_elf_arrival_summoners, orc_legates
Elf:2:    serial_shops, nicolae_shop_temple_entry_statues_fountains,
          minmay_misc_feat_rows, door_vault, uniq_azrael
Elf:3:    minmay_elf_hall_x
Vaults:1: hangedman_vaults_capsules, hangedman_vaults_stitches, v_pattern_1,
          nicolae_vaults_shelves_hall, dpeg_vaults_monster_box, v_misc_8,
          nicolae_vaults_ring_of_whatevers, nicolae_trove_entry_path_of_doom
Vaults:2: blue_anna_dwarven_crypt, ontoclasm_vaults_fault, vaults_room_boxed,
          hangedman_vaults_maws, nicolae_vaults_big_angled_halls,
          vaults_room_door_ring, nicolae_vaults_triangles,
          nicolae_vaults_shelves_hall, st_diamondy, vaults_mumra_hex, v_rooms_1,
          vaults_room_corners, serial_ice_g, ontoclasm_vaults_hangar, v_misc_17,
          uniq_asterion
Vaults:3: grunt_vaults_diagonal, v_pattern_5, v_misc_13, v_misc_31,
          vaults_mumra_minichess, v_misc_9, nicolae_vaults_angled_halls,
          v_misc_26, vaults_room_semicircle, vaults_room_glass_cross,
          vaults_dpeg_encased_lava, grunt_vaults_hallway_short,
          vaults_room_corners, uniq_norris
Vaults:4: v_misc_11, v_misc_27, v_rooms_6, vaults_dpeg_doors,
          grunt_vaults_twisty, v_misc_11, ontoclasm_vaults_pinch,
          ontoclasm_vaults_chip, nicolae_vaults_little_squares_2,
          grunt_vaults_focal, uniq_boris
Vaults:5: serial_shops, uniq_frederick
Crypt:2:  uniq_khufu
Crypt:3:  quadcrypt_mu
Depths:1: pan_entry, abyss_entry, hell_entry, serial_curves, eino_curves_01,
          eino_curves_03, eino_curves_04, tgw_lugonu_bribe
Depths:2: minmay_octo_star, okawaru_ov_weapons_minmay, pf_coc_iceberg
Depths:3: grunt_bent_corner, enter_ziggurat_d, hell_entry, serial_shops,
          kennysheep_little_box, kennysheep_mini_moat, shop, shop,
          kennysheep_mini, pan_entry, kennysheep_just_a_vault,
          infiniplex_staircase_pool_2, uniq_mara
Depths:4: dpeg_oklob_gauntlet, rand_demon_pan_entry_1, pf_hell_entry_great_geh,
          abyss_entry, minmay_misc_feat_more_columns, uniq_saint_roka
Depths:5: grunt_zot_entry_alcove, nicolae_twisting_strands, hell_entry
Zig:9:    ziggurat_loot_2
Zig:10:   ziggurat_loot_2
Zig:11:   ziggurat_pillar_centre_smoke
Trove:    trove_armour_six_rooms
Ossuary:  minmay_ossuary_gauntlet
Volcano:  volcano_overflow

Action                   |  1- 3 |  4- 6 |  7- 9 | 10-12 | 13-15 | 16-18 | 19-21 | 22-24 | 25-27 || total
-------------------------+-------+-------+-------+-------+-------+-------+-------+-------+-------++-------
Melee: Club              |    32 |       |       |       |       |       |       |       |       ||    32
       Rapier            |     3 |     4 |       |       |       |       |       |       |       ||     7
       Quarterstaff      |       |   100 |       |       |       |       |       |       |       ||   100
       Spear             |       |       |    25 |       |       |       |       |       |       ||    25
       Flail             |       |       |    16 |    78 |   173 |    21 |       |       |       ||   288
       Staff             |       |       |       |       |       |    10 |     5 |    11 |    29 ||    55
Throw: Javelin           |     4 |     4 |       |       |       |       |       |       |       ||     8
 Cast: Flame Tongue      |    76 |   132 |   272 |   242 |   161 |       |       |       |       ||   883
       Conjure Flame     |     1 |     7 |    20 |    14 |     7 |     3 |       |       |       ||    52
       Sticky Flame      |       |       |     3 |    59 |   110 |    11 |     3 |       |       ||   186
       Fireball          |       |       |    12 |   163 |   558 |   116 |    28 |       |       ||   877
       Iskenderun's Myst |       |       |       |    12 |    14 |     2 |    33 |     8 |       ||    69
       Bolt of Fire      |       |       |       |       |   127 |   584 |   486 |   410 |   289 ||  1896
       Fire Storm        |       |       |       |       |       |       |    28 |    67 |    94 ||   189
       Orb of Destructio |       |       |       |       |       |       |       |    92 |    36 ||   128
       Deflect Missiles  |       |       |       |       |       |       |       |     1 |       ||     1
       Spellforged Servi |       |       |       |       |       |       |       |       |    22 ||    22
       Tornado           |       |       |       |       |       |       |       |       |     1 ||     1
 Abil: Evoke Invisibilit |       |       |       |       |       |       |     1 |     1 |       ||     2
Evoke: Wand              |       |       |       |     9 |     4 |     2 |       |     1 |     5 ||    21
       Deck              |       |       |       |       |     3 |       |       |       |       ||     3
       Rod               |       |       |       |       |     1 |       |       |       |       ||     1
  Use: Scroll            |     4 |     1 |     9 |    16 |    12 |    17 |     4 |    29 |    14 ||   106
       Potion            |       |       |     1 |     4 |     7 |    10 |       |     3 |     1 ||    26
 Stab: Sleeping          |     1 |       |       |       |       |       |       |       |       ||     1
       Distracted        |       |       |       |       |     1 |       |       |       |     1 ||     2
  Eat: Chunk             |     2 |     9 |    19 |    43 |    68 |    28 |    45 |    44 |    12 ||   270
       Fruit             |       |       |       |     4 |     2 |     1 |       |     4 |     2 ||    13
       Pizza             |       |       |       |     1 |     3 |       |       |     2 |     2 ||     8
       Royal jelly       |       |       |       |       |     3 |     1 |     1 |       |       ||     5
       Bread ration      |       |       |       |       |       |     6 |     1 |     3 |     3 ||    13
       Beef jerky        |       |       |       |       |       |     4 |     1 |       |    10 ||    15
       Meat ration       |       |       |       |       |       |     3 |       |       |     2 ||     5
